 Dungeon Crawl Stone Soup version 0.28.0 (webtiles) character file.

Game seed: 1444572641175844018

180 Descartes the Grasshopper (level 5, -1/38 HPs)
             Began as a Formicid Warper on Feb 4, 2022.
             Was a Believer of Okawaru.
             Slain by a gnoll (9 damage)
             ... on level 3 of the Dungeon.
             The game lasted 00:04:54 (2322 turns).

Descartes the Grasshopper (Formicid Warper)         Turns: 2322, Time: 00:04:55

Health: -1/38      AC: 10    Str: 16    XL:     5   Next: 91%
Magic:  8/8        EV: 15    Int: 12    God:    Okawaru [**....]
Gold:   147        SH:  0    Dex: 12    Spells: 8/8 levels left

rFire   . . .      SeeInvis +   a - +0 hand axe
rCold   . . .      Faith    .   f - orb {mayhem}
rNeg    . . .      Spirit   .   B - +0 chain mail
rPois   .          Reflect  .   (helmet unavailable)
rElec   .          Harm     .   (no cloak)
rCorr   .          Rampage  .   i - +0 pair of gloves
Will    .....                   (no boots)
Stlth   ..........              p - amulet of regeneration
HPRegen 0.92/turn               h - +4 ring of evasion
MPRegen 0.11/turn               n - +4 ring of evasion

@: no status effects
A: permanent stasis, dig shafts and tunnels, antennae 3, four strong arms
a: Dig, Shaft Self, Renounce Religion, Heroism


You were on level 3 of the Dungeon.
You worshipped Okawaru.
Okawaru was pleased with you.
You visited 1 branch of the dungeon, and saw 3 of its levels.

You collected 147 gold pieces.

Inventory:

Hand Weapons
 a - a +0 hand axe (weapon)
Missiles
 c - 5 boomerangs of dispersal (quivered)
 m - 69 stones
 s - 5 boomerangs
 u - 15 arrows
 x - 10 poisoned darts
Armour
 f - an orb of mayhem (worn)
 i - a +0 pair of gloves (worn)
 B - a +0 chain mail (worn)
Jewellery
 h - a +4 ring of evasion (left hand)
 k - an amulet of reflection
 n - a +4 ring of evasion (right hand)
 p - an amulet of regeneration (around neck)
Wands
 A - a wand of polymorph (1)
Scrolls
 e - a scroll of holy word {unknown}
 j - a scroll of immolation {unknown}
 q - a scroll of teleportation {unknown}
 t - 2 scrolls of identify {unknown}
 w - a scroll of amnesia {unknown}
 y - a scroll of fog {unknown}
 z - a scroll of enchant weapon {unknown}
Potions
 d - a potion of flight {unknown}
 g - a potion of berserk rage {unknown}
 l - 2 potions of heal wounds {unknown}
 o - a potion of curing {unknown}
 r - a potion of brilliance {unknown}
 v - a potion of mutation {unknown}


   Skills:
 - Level 2.1 Fighting
 + Level 3.5 Axes
 - Level 1.0 Throwing
 + Level 3.2 Armour
 - Level 1.7 Dodging
 - Level 2.1 Spellcasting
 + Level 3.8 Translocations
 + Level 0.9 Invocations


You had 8 spell levels left.
You didn't know any spells.
Your spell library contained the following spells:

 Spells                   Type           Power      Damage    Failure   Level
 Gell's Gravitas          Tloc           10%        N/A       96%         3
 Lesser Beckoning         Tloc           10%        N/A       96%         3
 Teleport Other           Tloc           10%        N/A       96%         3
 Magic Dart               Conj           4%         1d3       99%         1
 Pain                     Necr           4%         1d4       99%         1
 Inner Flame              Hex/Fire       1%         N/A       100%        3
 Mephitic Cloud           Conj/Pois/Air  1%         N/A       100%        3
 Cause Fear               Hex            0%         N/A       100%        4
 Fulminant Prism          Conj/Hex       0%         3d6       100%        4
 Iskenderun's Mystic Bla  Conj/Tloc      5%         2d3       100%        4
 Agony                    Necr           1%         N/A       100%        5
 Excruciating Wounds      Necr           0%         N/A       100%        5
 Lee's Rapid Deconstruct  Erth           0%         3d5*      100%        5
 Manifold Assault         Tloc           10%        N/A       100%        5
 Discord                  Hex            0%         N/A       100%        8
 Blink                    Tloc           Unusable   N/A       N/A         2
 Call Imp                 Summ           Unusable   N/A       N/A         2

Dungeon Overview and Level Annotations

Branches:
Dungeon (3/15)

Altars:
Dithmenos
Nemelex Xobeh
Okawaru


Innate Abilities, Weirdness & Mutations

You cannot be hasted, slowed, berserked, paralysed or teleported.
You can dig through walls and to a lower floor.
You have a pair of large antennae on your head. (SInv)
Your four strong arms can wield two-handed weapons with a shield.


Message History

You hit the gnoll.
You kill the gnoll!
Okawaru accepts your kill. The ball python misses you.
The ball python closely misses you.
You barely miss the ball python. The ball python barely misses you.
The ball python grabs you. The ball python constricts you.
You hit the ball python.
You kill the ball python!
Okawaru accepts your kill.
The gnoll flies into a frenzy!
The gnoll hits the gnoll with a +0 club!
The gnoll dies!
Okawaru accepts your kill.
You hit the gnoll but do no damage. The gnoll hits you with a +0 club.
You hit the gnoll.
The gnoll is lightly wounded.
The gnoll hits you with a +0 club! x2
You barely miss the gnoll.
The gnoll is lightly wounded.
The gnoll hits you but does no damage. The gnoll hits you with a +0 club.
You closely miss the gnoll.
The gnoll is lightly wounded.
The gnoll misses you.
You hit the gnoll.
The gnoll is moderately wounded.
The gnoll hits you but does no damage. The gnoll hits you with a +0 club.
* * * LOW HITPOINT WARNING * * *
You hit the gnoll.
The gnoll is severely wounded.
The gnoll hits you with a +0 club.
* * * LOW HITPOINT WARNING * * *
The gnoll hits you with a +0 club.
* * * LOW HITPOINT WARNING * * *
You closely miss the gnoll.
The gnoll is heavily wounded.
The gnoll misses you. The gnoll hits you but does no damage.
You barely miss the gnoll.
The gnoll is heavily wounded.
The gnoll hits you with a +0 club!
You die...

.##.#####.#................#
.##.# #.#....#############
.##.# #.####.# .##.## #.#
#.# .##..# #.# #.#
.###.####.# #.#
..........####.##
####.####..##.#.###.### #.#
#....###@g.)..# #.#
#..##.#.###.#.# #.# #..# #..
#.# #..# #### #.. ...# #..
....# .##### ##


You could see a neutral gnoll (fast, strong, insane).

Vanquished Creatures
  A necrophage (D:3)
  Terence (D:3)
  A gnoll (D:3)
  An adder (D:3)
  An orc (D:3)
  5 ball pythons
  8 bats
  2 endoplasms (D:1)
  4 goblins
  3 hobgoblins (D:1)
  5 kobolds
  4 quokkas
  A frilled lizard (D:2)
  3 rats
40 creatures vanquished.

Vanquished Creatures (collateral kills)
  A gnoll (D:3)
1 creature vanquished.

Vanquished Creatures (others)
  A goblin (D:3)
1 creature vanquished.

Grand Total: 42 creatures vanquished

Notes
Turn   | Place    | Note
-------+----------+-------------------------------------------
     0 | D:1      | Descartes the Formicid Warper began the quest for the Orb.
     0 | D:1      | Reached XP level 1. HP: 16/16 MP: 3/3
   122 | D:1      | Found a faded altar of an unknown god.
   133 | D:1      | Prayed at the altar of an unknown god.
   133 | D:1      | Became a worshipper of Warmaster Okawaru
   133 | D:1      | Reached * piety under Okawaru
   216 | D:1      | Reached XP level 2. HP: 22/22 MP: 5/5
   932 | D:1      | Reached XP level 3. HP: 27/27 MP: 6/6
  1304 | D:2      | You fall into a shaft and drop 1 floor!
  1357 | D:3      | Found a sparkling altar of Nemelex Xobeh.
  1843 | D:3      | Noticed a necrophage
  1857 | D:3      | Killed a necrophage
  1857 | D:3      | Reached ** piety under Okawaru
  1858 | D:3      | Reached XP level 4. HP: 31/33 MP: 7/7
  1858 | D:3      | Reached XP level 5. HP: 36/38 MP: 8/8
  2059 | D:3      | Found a shadowy altar of Dithmenos.
  2094 | D:3      | Noticed Terence
  2149 | D:3      | Killed Terence
  2322 | D:3      | Slain by a gnoll

Illustrated notes

Levels and vault maps discovered:
D:1:      dpeg_arrival_fog, layout_loops_ring,
          shapermc_ecumenical_altar_totnotflames
D:2:      layout_basic
D:3:      layout_loops_ring, nicolae_dithmenos_through_a_glass_darkly,
          mainiacjoe_overflow_alcove_4, lemuel_round_altar, due_unseen_surprise,
          uniq_terence

Skill      XL: |  1  2  3  4  5 |
---------------+----------------+-----
Translocations | 3 |  3.8
Armour         | 2 3 |  3.2
Axes           | 3 |  3.5
Fighting       | |  2.1
Throwing       | |  1.0
Dodging        | |  1.7
Spellcasting   | |  2.1
Invocations    | |  0.9

Action                   |  1- 3 |  4- 6 || total
-------------------------+-------+-------++-------
Melee: Hand axe          |   113 |    80 ||   193
 Abil: Dig               |       |     1 ||     1
Armor: Leather armour    |    35 |     8 ||    43
       Skin              |       |    16 ||    16
       Chain mail        |       |     5 ||     5
Dodge: Dodged            |   119 |    63 ||   182
Block: Orb               |     1 |       ||     1
